 Dungeon Crawl Stone Soup version 0.31.0-12-g77e489cdc1 (webtiles) character file.

Game seed: 11097780987004302044

1739 jagang the Carver (level 9, -1/71 HPs)
             Began as a Human Monk on Mar 5, 2024.
             Slain by a gnoll sergeant
             ... wielding a +0 spear
              (8 damage)
             ... on level 6 of the Dungeon.
             The game lasted 00:12:11 (5295 turns).

jagang the Carver (Human Monk)                      Turns: 5295, Time: 00:12:11

Health: -1/71      AC: 10    Str: 11    XL:     9   Next: 5%
Magic:  9/9        EV:  7    Int: 10    God:
Gold:   342        SH:  0    Dex: 21    Spells: 8/8 levels left

rFire   . . .        h - +0 scimitar (freeze)
rCold   . . .        d - orb {light}
rNeg    . . .        u - +0 chain mail
rPois   .            (no helmet)
rElec   .            (no cloak)
rCorr   .            (no gloves)
SInv    .            (no boots)
Will    ++...        (no amulet) Stlth
                     l - ring of willpower
HPRegen 0.31/turn    a - ring of willpower
MPRegen 0.11/turn

%: no passive effects
@: glowing
A: explore regen
a: no special abilities


You were on level 6 of the Dungeon.
You visited 1 branch of the dungeon, and saw 6 of its levels.

You collected 342 gold pieces.

Inventory:

Hand Weapons
 h - a +0 scimitar of freezing (weapon)
Missiles
 n - 6 poisoned darts (quivered)
 y - 4 atropa-tipped darts
Armour
 d - an orb of light (worn)
 t - a +0 ring mail of fire resistance
 u - a +0 chain mail (worn)
Jewellery
 a - a ring of willpower (right hand)
 l - a ring of willpower (left hand)
 p - a ring of resist corrosion
 B - a ring of see invisible
Wands
 m - a wand of mindburst (17)
 o - a wand of polymorph (4)
Scrolls
 g - 6 scrolls of teleportation
 i - 2 scrolls of torment
 j - a scroll of poison
 s - a scroll of enchant armour
 A - a scroll of noise
 D - a scroll of fog {unknown}
 E - 3 scrolls of enchant weapon {unknown}
Potions
 b - a potion of enlightenment {unknown}
 c - a potion of ambrosia
 e - 2 potions of cancellation {unknown}
 f - 11 potions of curing
 k - a potion of attraction {unknown}
 q - 2 potions of berserk rage {unknown}
 r - a potion of magic {unknown}
 v - a potion of lignification {unknown}
 w - 2 potions of brilliance {unknown}
 x - a potion of mutation {unknown}
 z - a potion of haste {unknown}
 C - 2 potions of degeneration {unknown}


   Skills:
 + Level 6.4 Fighting
 * Level 8.5 Long Blades
 + Level 5.5 Armour
 - Level 3.0 Dodging


You had 8 spell levels left.
You didn't know any spells.
Your spell library contained the following spells:

 Spells                   Type           Power      Damage    Failure   Level
 Apportation              Tloc           0%         N/A       100%        1
 Necrotise                Necr           0%         1d4       100%        1
 Sting                    Conj/Alch      0%         1d3       100%        1
 Summon Small Mammal      Summ           0%         N/A       100%        1
 Mercury Vapours          Alch/Air       0%         N/A       100%        2
 Sublimation of Blood     Necr           0%         N/A       100%        2
 Vampiric Draining        Necr           0%         2d6       100%        3
 Martyr's Knell           Necr/Summ      0%         N/A       100%        4
 Olgreb's Toxic Radiance  Alch           0%         N/A       100%        4
 Petrify                  Alch/Erth      0%         N/A       100%        4
 Curse of Agony           Necr           0%         N/A       100%        5
 Irradiate                Conj/Alch      0%         3d11      100%        5


Dungeon Overview and Level Annotations

Branches:
Dungeon (6/15)
 Temple: D:4-7

Altars:
Hepliaklqana
Okawaru
Wu Jian
Yredelemnul
Zin

Shops:
D:5 *


Innate Abilities, Weirdness & Mutations

You regain HP and MP as you explore.


Message History

The gnoll sergeant hits you from afar with a +0 spear.
The gnoll sergeant attacks as it pursues you!
The gnoll sergeant hits you from afar with a +0 spear.
The gnoll sergeant completely misses you.
You slash the gnoll! You freeze the gnoll.
You kill the gnoll!
The gnoll sergeant hits you from afar with a +0 spear!
The gnoll hits you with a +0 spear.
The gnoll sergeant hits you from afar with a +0 spear!
You slice the gnoll!! You freeze the gnoll.
You kill the gnoll!
The gnoll sergeant hits you from afar with a +0 spear!
You barely miss the gnoll. The gnoll hits you but does no damage.
The gnoll sergeant hits you from afar with a +0 spear.
You slash the gnoll! You freeze the gnoll.
The gnoll is almost dead.
The gnoll closely misses you.
The gnoll sergeant hits you but does no damage.
You slash the gnoll! You freeze the gnoll.
You kill the gnoll!
The gnoll sergeant hits you from afar with a +0 spear!
* * * LOW HITPOINT WARNING * * *
Press: ? - help, v - describe, . - travel, g - get item Item here: a runed demon blade.
The floor.
The gnoll sergeant hits you with a +0 spear!
* * * LOW HITPOINT WARNING * * *
You see here a +0 spear.
The gnoll sergeant blocks your attack. The gnoll sergeant barely misses you.
You hit the gnoll sergeant. You freeze the gnoll sergeant.
The gnoll sergeant is moderately wounded.
The gnoll sergeant hits you with a +0 spear.
* * * LOW HITPOINT WARNING * * *
You hit the gnoll sergeant but do no damage.
The gnoll sergeant is moderately wounded.
The gnoll sergeant hits you but does no damage.
You hit the gnoll sergeant. You freeze the gnoll sergeant.
The gnoll sergeant is heavily wounded.
The gnoll sergeant hits you with a +0 spear!
You die...

##.####....# #.........#
#####.....# #.....#
########....#####
#................ #
####................
...##8#..).#8###8###⌠###8#
........g@)### ### #######
.......).....# #......
.............# #......
#8###8#...)..# #...... #
###......# #......
......... #......
........... #......
..$......... #......
#.....>


You could see a gnoll sergeant.

Vanquished Creatures
  Eustachio (D:6)
  Menkaure (D:6)
  A black bear (D:4)
  A sky beast (D:6)
  3 ogres
  A centaur (D:5)
  A kobold brigand (D:6)
  A bullfrog (D:6)
  2 scorpions
  A jelly (D:6)
  3 bombardier beetles
  5 hounds
  An orc priest (D:3)
  A sleepcap (D:5)
  Jessica (D:2)
  2 iguanas
  Natasha (thrice) (D:2)
  2 orc wizards (D:3)
  4 gnolls (D:6)
  3 adders
  3 white imps
  2 ribbon worms
  4 orcs
  10 ball pythons
  5 bats
  3 endoplasms
  3 giant cockroaches
  8 goblins
  6 hobgoblins
  3 jackals (D:1)
  12 kobolds
  3 quokkas (D:1)
  3 frilled lizards
  6 rats
109 creatures vanquished.

Notes
Turn   | Place    | Note
-------+----------+-------------------------------------------
     0 | D:1      | jagang the Human Monk began the quest for the Orb.
     0 | D:1      | Reached XP level 1. HP: 18/18 MP: 1/1
   128 | D:1      | Reached XP level 2. HP: 24/24 MP: 2/2
   198 | D:1      | Reached skill level 1 in Armour
   366 | D:1      | Found a faded altar of an unknown god.
   542 | D:1      | Reached XP level 3. HP: 27/29 MP: 3/3
   764 | D:1      | Identified a scroll of acquirement
  1112 | D:2      | Noticed Natasha
  1119 | D:2      | Killed Natasha
  1120 | D:2      | Reached XP level 4. HP: 8/37 MP: 4/4
  1282 | D:2      | Noticed Jessica
  1290 | D:2      | Killed Jessica
  1291 | D:2      | Reached skill level 4 in Long Blades
  1801 | D:2      | Noticed Natasha
  1807 | D:2      | Killed Natasha
  1808 | D:2      | Reached XP level 5. HP: 36/42 MP: 5/5
  2256 | D:2      | Noticed Natasha
  2268 | D:2      | Killed Natasha
  2294 | D:2      | Acquired a +0 scimitar of freezing
  2369 | D:3      | Noticed an ogre
  2375 | D:3      | Killed an ogre
  2376 | D:3      | Reached XP level 6. HP: 31/48 MP: 6/6
  2379 | D:3      | Reached skill level 5 in Long Blades
  3224 | D:4      | Reached XP level 7. HP: 30/55 MP: 7/7
  3486 | D:4      | Reached skill level 6 in Long Blades
  3492 | D:4      | Reached skill level 5 in Fighting
  3538 | D:4      | Identified the beast talisman of Sif Muna's Pride {rElec
                  | rC- Int+2 Dex+3}
  3844 | D:5      | Entered Level 5 of the Dungeon
  3934 | D:5      | Found a hazy altar of Hepliaklqana.
  3942 | D:5      | Reached XP level 8. HP: 62/62 MP: 8/8
  3943 | D:5      | Found a basalt altar of Yredelemnul.
  3946 | D:5      | Found an ornate altar of the Wu Jian Council.
  3971 | D:5      | Found an iron altar of Okawaru.
  4005 | D:5      | Found Zin's Purification Station.
  4008 | D:5      | Found a glowing silver altar of Zin.
  4134 | D:5      | Reached skill level 7 in Long Blades
  4526 | D:6      | Noticed Eustachio
  4558 | D:6      | Killed Eustachio
  4748 | D:6      | Noticed Menkaure
  4775 | D:6      | Killed Menkaure
  4776 | D:6      | Reached skill level 5 in Armour
  4915 | D:6      | Reached skill level 8 in Long Blades
  5129 | D:6      | Reached XP level 9. HP: 65/70 MP: 9/9
  5295 | D:6      | Slain by a gnoll sergeant

Illustrated notes

Levels and vault maps discovered:
D:1:      evilmike_arrival_rings, layout_basic,
          hellmonk_ecumenical_altar_crossroads
D:2:      layout_basic, uniq_jessica, uniq_natasha
D:3:      layout_basic
D:4:      wander_river, layout_basic
D:5:      layout_loops_ring, zin_purify,
          mainiacjoe_overflow_concentric_impassable,
          minmay_overflow_temple_star_quad
D:6:      layout_basic, grunt_gozag_breadcrumbs, serial_corexii_hall,
          chequers_hall_statues_wall_a, corexii_hall_statues_s, uniq_menkaure,
          uniq_eustachio

Skill      XL: |  1  2  3  4  5  6  7  8 |
---------------+-------------------------+-----
Armour         | 1 2 3 4 5 |  5.5
Long Blades    | 4 5 6 8 |  8.5
Fighting       | 4 5 6 |  6.4
Dodging        | |  3.0

Action                     |  1- 3 |  4- 6 |  7- 9 || total
---------------------------+-------+-------+-------++-------
  Melee: Falchion          |    86 |    34 |       ||   120
         Scimitar          |       |    59 |   149 ||   208
  Throw: Dart              |       |     7 |     1 ||     8
  Evoke: Wand              |       |       |     1 ||     1
    Use: Scroll            |     4 |     3 |     1 ||     8
 Armour: Robe              |    50 |    11 |       ||    61
         Leather armour    |       |    21 |       ||    21
         Ring mail         |       |    17 |       ||    17
         Chain mail        |       |     2 |   142 ||   144
  Dodge: Dodged            |    60 |    48 |    65 ||   173
